Map: [ESL] Inside and Out

Players

Reynor

  • Race: Zerg Zerg
  • League: Master
  • Spawn Location: 7:00

Solar - Winner!

  • Race: Zerg Zerg
  • League: Grandmaster
  • Spawn Location: 1:00

Event: TSL 9

VOD

Have the link to the VOD?

Description

Time

  • Played on: Sept. 3, 2022, 9:18 a.m.
  • Length: 4:30

All games in this series

Show
View Real Time Build Order
Export as new Build Order

Reynor Zerg 

Build Orders: Pool First 

Get SALT Encoding   

  12  0:00  Drone  
  13  0:12  Overlord  
  13  0:16  Drone  
  14  0:30  Drone x2  
  16  0:39  Spawning Pool  
  15  0:43  Drone  
  15  0:47  Drone  
  17  1:07  Hatchery  
  17  1:10  Drone  
  17  1:14  Extractor  
  16  1:26  Zergling x4  
  16  1:27  Zergling x2  
  16  1:31  Queen  
  21  1:37  Overlord  
  21  1:48  Drone  
  22  2:00  Drone  
  23  2:06  Queen  
  25  2:10  Drone  
  26  2:19  Drone  
  26  2:20  Metabolic Boost  
  26  2:21  Drone  
  27  2:31  Drone  
  27  2:32  Drone  
  29  2:39  Drone x3  
  29  2:43  Drone  
  33  2:45  Overlord  
  33  2:50  Baneling Nest  
  32  2:55  Drone  
  32  2:56  Drone  
  34  3:07  Hatchery  
  34  3:11  Drone x2  
  35  3:15  Drone  
  35  3:17  Overlord  
  36  3:22  Drone  
  36  3:24  Drone, Evolution Chamber  
  36  3:25  Drone  
  38  3:29  Zergling x4  
  40  3:34  Baneling x2  
  40  3:38  Baneling  
  40  3:39  Zergling x6  
  43  3:43  Zergling x2  
  43  3:44  Zergling x2  
  41  3:57  Zergling x6  
  41  3:58  Baneling  
  41  4:00  Zergling x4  
  39  4:03  Zergling x2  
  39  4:09  Zergling x2  
Show
View Real Time Build Order
Export as new Build Order

Solar Zerg - Winner!

Build Orders: Hatch First, Zergling Baneling 

Get SALT Encoding   

  12  0:00  Drone  
  13  0:12  Overlord  
  13  0:18  Drone  
  14  0:31  Drone x2  
  16  0:48  Hatchery  
  15  0:51  Drone  
  15  0:54  Drone  
  17  0:57  Drone  
  18  1:08  Extractor  
  17  1:13  Spawning Pool  
  17  1:16  Drone  
  17  1:19  Drone  
  18  1:29  Drone  
  19  1:39  Drone  
  20  2:00  Zergling x4, Queen x2  
  27  2:01  Zergling x2  
  27  2:11  Zergling x2  
  27  2:12  Metabolic Boost  
  27  2:13  Overlord  
  27  2:33  Zergling x8, Baneling Nest  
  30  2:44  Overlord  
  30  2:45  Zergling x2  
  31  2:55  Zergling x4  
  33  3:05  Zergling x4  
  35  3:11  Zergling x10  
  40  3:13  Zergling x2  
  41  3:21  Zergling x4  
  41  3:23  Baneling  
  43  3:28  Overlord  
  43  3:29  Zergling x2  
  43  3:33  Baneling x2  
  43  3:34  Baneling  
  44  3:35  Baneling  
  44  3:41  Baneling  
  44  3:48  Zergling x6  
  44  3:53  Zergling x4  
  39  3:59  Zergling x4  
  39  4:03  Baneling  
  39  4:05  Zergling x2  
  39  4:07  Baneling  
  38  4:10  Zergling x2  
Tags
 
Add a new tag
Caveats
  • Supply blocks, unpowered buildings, or Contaminate may cause inaccurate times.
  • Supply counts are checked every 10 seconds.